TOP OF THE 1ST |
El Paso Texans batting - Pitching for Beaverton Bronze Souls : RHP Wei-liang Zhuan
|
Pitching: RHP Wei-liang Zhuan
|
|
Batting: LHB Mark Spencer
|
0-0: Foul Ball, location: 2F 0-1: Foul Ball, location: 2F 0-2: Ball 1-2: Foul Ball, location: 2F 1-2: Ball 2-2: Fly out, F6 (Line Drive, 6M)
|
Batting: RHB Cole Boehmer
|
0-0: Ball 1-0: Foul Ball, location: 2F 1-1: Foul Ball, location: 2F 1-2: Strikes out looking
|
Batting: RHB Howard Lynch
|
0-0: Ball 1-0: Swinging Strike 1-1: SINGLE (Groundball, 56D)
|
Batting: RHB Domingo Morales
|
0-0: Ball 1-0: Swinging Strike 1-1: Ball 2-1: Swinging Strike 2-2: Ball 3-2: Strikes out swinging
|
Top of the 1st over - 0 runs, 1 hit, 0 errors, 1 left on base; El Paso 0 - Beaverton 0 |
BOTTOM OF THE 1ST |
Beaverton Bronze Souls batting - Pitching for El Paso Texans : RHP Oscar Martin
|
Pitching: RHP Oscar Martin
|
|
Batting: LHB Manuel Félix
|
0-0: Ball 1-0: Ball 2-0: Ball 3-0: Base on Balls
|
Batting: RHB Nathan Smith
|
0-0: Ball 1-0: Called Strike 1-1: Ball 2-1: Foul Ball, location: 2F 2-2: Ball 3-2: Base on Balls Manuel Félix to second
|
Batting: RHB Steve Smith
|
0-0: Ball 1-0: Foul Ball, location: 2F 1-1: Ball 2-1: Foul Ball, location: 2F 2-2: Ball 3-2: Base on Balls Manuel Félix to third Nathan Smith to second
|
Batting: RHB Dan Cross
|
0-0: Ball 1-0: SINGLE (Groundball, 6MD) Manuel Félix scores Nathan Smith to third Steve Smith to second Runner from 3rd tries for Home, SAFE, no throw
|
Batting: RHB Luis Carranza
|
0-0: Ball 1-0: Swinging Strike 1-1: Foul Ball, location: 2F 1-2: Foul Ball, location: 2F 1-2: Ball 2-2: Ball 3-2: Strikes out swinging
|
Batting: RHB Bert Larson
|
0-0: Ball 1-0: 3-RUN HOME RUN (Flyball, 8RD), Distance : 408 ft
|
Batting: LHB Jonathan Belisle
|
0-0: Called Strike 0-1: Ball 1-1: Called Strike 1-2: Foul Ball, location: 2F 1-2: SINGLE (Flyball, 78M)
|
Batting: RHB Ricardo López
|
0-0: Called Strike 0-1: SINGLE (Groundball, 6D) Jonathan Belisle to second
|
Batting: SHB Teko de Bruin
|
0-0: Ball 1-0: Foul Ball, location: 2F 1-1: Swinging Strike 1-2: Hit by Pitch Jonathan Belisle to third Ricardo López to second
|
Batting: LHB Manuel Félix
|
0-0: Called Strike 0-1: Ball 1-1: Called Strike 1-2: SINGLE (Groundball, 34S) (infield hit) Jonathan Belisle scores Ricardo López to third Teko de Bruin to second
|
Batting: RHB Nathan Smith
|
0-0: Called Strike 0-1: Called Strike 0-2: Strikes out swinging
|
Batting: RHB Steve Smith
|
0-0: Ground out 1-3 (Groundball, 15S)
|
Bottom of the 1st over - 6 runs, 5 hits, 0 errors, 3 left on base; El Paso 0 - Beaverton 6 |
TOP OF THE 2ND |
El Paso Texans batting - Pitching for Beaverton Bronze Souls : RHP Wei-liang Zhuan
|
Batting: RHB Jim MacAchounich
|
0-0: Ball 1-0: Ball 2-0: Foul Ball, location: 2F 2-1: Ball 3-1: Called Strike 3-2: Strikes out swinging
|
Batting: SHB Oliver Riley
|
0-0: Called Strike 0-1: Swinging Strike 0-2: Ball 1-2: Strikes out looking
|
Batting: LHB John Fitzgerald
|
0-0: Ball 1-0: Ball 2-0: Ball 3-0: Called Strike 3-1: Base on Balls
|
Batting: LHB Dave Tucker
|
0-0: Ball 1-0: Foul Ball, location: 2F 1-1: Foul Ball, location: 2F 1-2: Fly out, F7 (Flyball, 7S)
|
Top of the 2nd over - 0 runs, 0 hits, 0 errors, 1 left on base; El Paso 0 - Beaverton 6 |
BOTTOM OF THE 2ND |
Beaverton Bronze Souls batting - Pitching for El Paso Texans : RHP Oscar Martin
|
Batting: RHB Dan Cross
|
0-0: Ball 1-0: Called Strike 1-1: Ball 2-1: Fly out, F8 (Flyball, 89M)
|
Batting: RHB Luis Carranza
|
0-0: Fly out, F5 (Line Drive, 5)
|
Batting: RHB Bert Larson
|
0-0: Ball 1-0: SINGLE (Line Drive, 8LS)
|
Batting: LHB Jonathan Belisle
|
0-0: Ground out U3 (Groundball, 3)
|
Bottom of the 2nd over - 0 runs, 1 hit, 0 errors, 1 left on base; El Paso 0 - Beaverton 6 |
TOP OF THE 3RD |
El Paso Texans batting - Pitching for Beaverton Bronze Souls : RHP Wei-liang Zhuan
|
Batting: SHB Miguel Hurtado
|
0-0: Called Strike 0-1: Called Strike 0-2: Ball 1-2: Ball 2-2: Strikes out swinging
|
Batting: LHB Mark Spencer
|
0-0: Called Strike 0-1: Foul Ball, location: 2F 0-2: Ball 1-2: Foul Ball, location: 2F 1-2: Strikes out looking
|
Batting: RHB Cole Boehmer
|
0-0: Swinging Strike 0-1: Foul Ball, location: 2F 0-2: Ball 1-2: Strikes out swinging
|
Top of the 3rd over - 0 runs, 0 hits, 0 errors, 0 left on base; El Paso 0 - Beaverton 6 |
BOTTOM OF THE 3RD |
Beaverton Bronze Souls batting - Pitching for El Paso Texans : RHP Oscar Martin
|
Batting: RHB Ricardo López
|
0-0: Swinging Strike 0-1: SINGLE (Line Drive, 89S)
|
Batting: SHB Teko de Bruin
|
0-0: Swinging Strike 0-1: Ball 1-1: Hit by Pitch Ricardo López to second
|
Batting: LHB Manuel Félix
|
0-0: Ball 1-0: Called Strike 1-1: Swinging Strike 1-2: Strikes out looking
|
Batting: RHB Nathan Smith
|
0-0: Called Strike 0-1: Ball 1-1: SINGLE (Line Drive, 7LS) Ricardo López to third Teko de Bruin to second
|
Batting: RHB Steve Smith
|
0-0: Called Strike 0-1: Fly out, F5 (Popup, 56S)
|
Batting: RHB Dan Cross
|
0-0: Ball 1-0: Foul Ball, location: 2F 1-1: Ball 2-1: Ball 3-1: Base on Balls Ricardo López scores Teko de Bruin to third Nathan Smith to second
|
Pitching: RHP Stan Roberts
|
|
Batting: RHB Luis Carranza
|
0-0: Ball 1-0: Ball 2-0: Fly out, F8 (Flyball, 89S)
|
Bottom of the 3rd over - 1 run, 2 hits, 0 errors, 3 left on base; El Paso 0 - Beaverton 7 |
TOP OF THE 4TH |
El Paso Texans batting - Pitching for Beaverton Bronze Souls : RHP Wei-liang Zhuan
|
Batting: RHB Howard Lynch
|
0-0: Called Strike 0-1: Ball 1-1: Ground out 1-3 (Groundball, 13)
|
Batting: RHB Domingo Morales
|
0-0: Called Strike 0-1: Foul Ball, location: 2F 0-2: Foul Ball, location: 2F 0-2: Ball 1-2: Foul Ball, location: 2F 1-2: Foul Ball, location: 2F 1-2: Foul Ball, location: 2F 1-2: Foul Ball, location: 2F 1-2: Foul Ball, location: 2F 1-2: Ground out 5-3 (Groundball, 56S)
|
Batting: RHB Jim MacAchounich
|
0-0: Called Strike 0-1: Foul Ball, location: 2F 0-2: Foul Ball, location: 2F 0-2: Ball 1-2: SINGLE (Flyball, 9S)
|
Batting: SHB Oliver Riley
|
0-0: Called Strike 0-1: Called Strike 0-2: Strikes out swinging
|
Top of the 4th over - 0 runs, 1 hit, 0 errors, 1 left on base; El Paso 0 - Beaverton 7 |
BOTTOM OF THE 4TH |
Beaverton Bronze Souls batting - Pitching for El Paso Texans : RHP Stan Roberts
|
Batting: RHB Bert Larson
|
0-0: Called Strike
|
|
|
|
0-1: Fly out, F7 (Line Drive, 78S)
|
Batting: LHB Jonathan Belisle
|
0-0: Called Strike 0-1: Ball 1-1: Ball 2-1: Swinging Strike 2-2: Strikes out swinging
|
Batting: RHB Ricardo López
|
0-0: Called Strike 0-1: Ground out 5-3 (Groundball, 56)
|
Bottom of the 4th over - 0 runs, 0 hits, 0 errors, 0 left on base; El Paso 0 - Beaverton 7 |
TOP OF THE 5TH |
El Paso Texans batting - Pitching for Beaverton Bronze Souls : RHP Wei-liang Zhuan
|
Batting: LHB John Fitzgerald
|
0-0: Called Strike 0-1: Swinging Strike 0-2: Strikes out swinging
|
Batting: LHB Dave Tucker
|
0-0: Called Strike 0-1: Foul Ball, location: 2F 0-2: Ball 1-2: Ball 2-2: Ball 3-2: Ground out 6-3 (Groundball, 56D)
|
Batting: SHB Miguel Hurtado
|
0-0: Ball 1-0: Swinging Strike 1-1: Fly out, F9 (Flyball, 89M)
|
Top of the 5th over - 0 runs, 0 hits, 0 errors, 0 left on base; El Paso 0 - Beaverton 7 |
BOTTOM OF THE 5TH |
Beaverton Bronze Souls batting - Pitching for El Paso Texans : RHP Stan Roberts
|
Batting: SHB Teko de Bruin
|
0-0: Ball 1-0: Ball 2-0: Called Strike 2-1: Fly out, F4 (Popup, 23)
|
Batting: LHB Manuel Félix
|
0-0: Called Strike 0-1: SINGLE (Groundball, 56D)
|
Batting: RHB Nathan Smith
|
Pickoff Throw to First - Error! E1 Manuel Félix to second 0-0: Swinging Strike 0-1: Foul Ball, location: 2F 0-2: Foul Ball, location: 2F 0-2: SINGLE (Flyball, 7LS) Manuel Félix to third Runner from 3rd tries for Home, SAFE, throw made home
|
Batting: RHB Steve Smith
|
0-0: Ball 1-0: Ball Nathan Smith steals 2nd base 2-0: DOUBLE (Line Drive, 7LM) Nathan Smith scores
|
Batting: RHB Dan Cross
|
0-0: Swinging Strike 0-1: Called Strike 0-2: Ball 1-2: Ball 2-2: SINGLE (Flyball, 7S) Steve Smith to third
|
Batting: RHB Luis Carranza
|
0-0: Called Strike 0-1: Called Strike 0-2: Ball 1-2: Strikes out looking
|
Batting: RHB Bert Larson
|
0-0: Called Strike 0-1: Ball 1-1: SINGLE (Line Drive, 9S) Steve Smith scores Dan Cross to second Runner from 2nd tries for 3rd, SAFE, no throw
|
Batting: LHB Jonathan Belisle
|
0-0: Called Strike 0-1: Foul Ball, location: 2F 0-2: Strikes out swinging
|
Bottom of the 5th over - 3 runs, 5 hits, 1 error, 2 left on base; El Paso 0 - Beaverton 10 |
TOP OF THE 6TH |
El Paso Texans batting - Pitching for Beaverton Bronze Souls : RHP Wei-liang Zhuan
|
Batting: LHB Mark Spencer
|
0-0: Foul Ball, location: 2F 0-1: Ball 1-1: SINGLE (Groundball, 34D)
|
Batting: RHB Cole Boehmer
|
0-0: Called Strike 0-1: Swinging Strike 0-2: Foul Ball, location: 2F 0-2: Ball 1-2: Ball 2-2: Strikes out swinging
|
Batting: RHB Howard Lynch
|
0-0: Ball Mark Spencer is caught stealing 2nd base 1-0: Swinging Strike 1-1: Foul Ball, location: 2F 1-2: Ball 2-2: Foul Ball, location: 2F 2-2: Strikes out swinging
|
Top of the 6th over - 0 runs, 1 hit, 0 errors, 0 left on base; El Paso 0 - Beaverton 10 |
BOTTOM OF THE 6TH |
Beaverton Bronze Souls batting - Pitching for El Paso Texans : RHP Stan Roberts
|
Batting: RHB Ricardo López
|
0-0: Called Strike 0-1: Called Strike 0-2: Ball 1-2: Ball 2-2: Ball 3-2: Base on Balls
|
Batting: SHB Teko de Bruin
|
0-0: Ball 1-0: Called Strike 1-1: Fly out, F9 (Line Drive, 9)
|
Batting: LHB Manuel Félix
|
0-0: Called Strike 0-1: Ball 1-1: Foul Ball, location: 2F 1-2: Fielders Choice at 2nd, 1-6 (Groundball, 13S)
|
Batting: RHB Nathan Smith
|
0-0: SINGLE (Flyball, 9S) Manuel Félix to second Throwing error, E9 Manuel Félix scores Nathan Smith to second
|
Batting: RHB Steve Smith
|
0-0: Ball 1-0: Ground out 6-3 (Groundball, 6S)
|
Bottom of the 6th over - 1 run, 1 hit, 1 error, 1 left on base; El Paso 0 - Beaverton 11 |
TOP OF THE 7TH |
El Paso Texans batting - Pitching for Beaverton Bronze Souls : RHP Wei-liang Zhuan
|
Batting: RHB Domingo Morales
|
0-0: Called Strike 0-1: Ball 1-1: Ball 2-1: Ground out 6-3 (Groundball, 6)
|
Batting: RHB Jim MacAchounich
|
0-0: Ball 1-0: Foul Ball, location: 2F 1-1: Fly out, F3 (Popup, 3)
|
Batting: SHB Oliver Riley
|
0-0: Ball 1-0: Foul Ball, location: 2F 1-1: SINGLE (Flyball, 9LS)
|
Batting: LHB John Fitzgerald
|
0-0: Called Strike 0-1: Foul Ball, location: 2F 0-2: Ball 1-2: Ball 2-2: Foul Ball, location: 2F 2-2: Ground out 1-3 (Groundball, 15S)
|
Top of the 7th over - 0 runs, 1 hit, 0 errors, 1 left on base; El Paso 0 - Beaverton 11 |
BOTTOM OF THE 7TH |
Beaverton Bronze Souls batting - Pitching for El Paso Texans : RHP Stan Roberts
|
Pitching: RHP Ben Simpson
|
|
Batting: RHB Dan Cross
|
0-0: Ball 1-0: Called Strike 1-1: Fly out, F8 (Flyball, 89D)
|
Batting: RHB Luis Carranza
|
0-0: Ball 1-0: Ball 2-0: Foul Ball, location: 2F 2-1: Fly out, F9 (Line Drive, 9D)
|
Batting: RHB Bert Larson
|
0-0: Ground out 4-3 (Groundball, 4S)
|
Bottom of the 7th over - 0 runs, 0 hits, 0 errors, 0 left on base; El Paso 0 - Beaverton 11 |
TOP OF THE 8TH |
El Paso Texans batting - Pitching for Beaverton Bronze Souls : RHP Wei-liang Zhuan
|
Now at 1B: Jeff Byford
|
|
Now at SS: Rubén Ramírez
|
|
Batting: LHB Dave Tucker
|
0-0: Foul Ball, location: 2F 0-1: Called Strike 0-2: Ball 1-2: Fly out, F9 (Flyball, 89M)
|
Batting: SHB Miguel Hurtado
|
0-0: Ball 1-0: Ball 2-0: Ball 3-0: Called Strike 3-1: Foul Ball, location: 2F 3-2: Fly out, F7 (Flyball, 7)
|
Batting: LHB Mark Spencer
|
0-0: Foul Ball, location: 2F 0-1: Ground out U3 (Groundball, 3)
|
Top of the 8th over - 0 runs, 0 hits, 0 errors, 0 left on base; El Paso 0 - Beaverton 11 |
BOTTOM OF THE 8TH |
Beaverton Bronze Souls batting - Pitching for El Paso Texans : RHP Ben Simpson
|
Batting: LHB Jonathan Belisle
|
0-0: Foul Ball, location: 2F 0-1: Ball 1-1: SINGLE (Line Drive, 9S)
|
Batting: RHB Ricardo López
|
0-0: Called Strike Jonathan Belisle steals 2nd base 0-1: Swinging Strike 0-2: Hit by Pitch
|
Batting: SHB Teko de Bruin
|
0-0: Called Strike 0-1: Called Strike 0-2: Strikes out looking
|
Batting: LHB Manuel Félix
|
0-0: Ball 1-0: Called Strike 1-1: Ball 2-1: Ball 3-1: Swinging Strike Passed Ball! Jonathan Belisle to third Ricardo López to second 3-2: Foul Ball, location: 2F Balk! Jonathan Belisle scores Ricardo López to third 3-2: Base on Balls
|
Batting: RHB Nathan Smith
|
0-0: Called Strike 0-1: Called Strike 0-2: Grounds into double play, 6-4-3 (Groundball, 6)
|
Bottom of the 8th over - 1 run, 1 hit, 0 errors, 1 left on base; El Paso 0 - Beaverton 12 |
TOP OF THE 9TH |
El Paso Texans batting - Pitching for Beaverton Bronze Souls : RHP Wei-liang Zhuan
|
Batting: RHB Cole Boehmer
|
0-0: Called Strike 0-1: SINGLE (Groundball, 34D)
|
Batting: RHB Howard Lynch
|
0-0: Ball 1-0: Ball 2-0: Ball 3-0: Called Strike 3-1: Base on Balls Cole Boehmer to second
|
Pitching: RHP Vicente Guillén
|
|
Batting: RHB Domingo Morales
|
0-0: Ball 1-0: Swinging Strike 1-1: Ball 2-1: Foul Ball, location: 2F 2-2: Ball 3-2: Foul Ball, location: 2F 3-2: Foul Ball, location: 2F 3-2: Fielders Choice at 2nd, 6-4 (Groundball, 6) Cole Boehmer to third
|
Batting: RHB Jim MacAchounich
|
|
Pinch Hitting: LHB Ramón Chávez
|
0-0: Ball 1-0: SINGLE (Groundball, 6MD) Cole Boehmer scores Domingo Morales to second
|
Batting: SHB Oliver Riley
|
0-0: Ball 1-0: Ball 2-0: Ball 3-0: Base on Balls Domingo Morales to third Ramón Chávez to second
|
Batting: LHB John Fitzgerald
|
0-0: Called Strike 0-1: Ball 1-1: Ball 2-1: Foul Ball, location: 2F 2-2: Fly out, F9 (Flyball, 9LD) Runner from 3rd tags up, SCORES, no throw
|
Batting: LHB Dave Tucker
|
0-0: Ball 1-0: Ball 2-0: Foul Ball, location: 2F 2-1: SINGLE (Flyball, 9S) Ramón Chávez to third Oliver Riley to second
|
Batting: SHB Miguel Hurtado
|
0-0: Ball 1-0: Ball 2-0: Fielders Choice at 2nd, 5-4 (Groundball, 56)
|
Top of the 9th over - 2 runs, 3 hits, 0 errors, 3 left on base; El Paso 2 - Beaverton 12 |
|
Saturday, April 7th, 2018 - OOTP Baseball 18.8 Build 76
|
|